Map: Terraform LE (Void)

Players

Pandy - Winner!

  • Race: Terran Terran
  • League: Platinum

sBfMarklar

  • Race: Protoss Protoss
  • League: Silver

VOD

Have the link to the VOD?

Description

Time

  • Played on: Sept. 27, 2015, 9:44 a.m.
  • Length: 42:32
Show
View Real Time Build Order
Export as new Build Order

Pandy Terran - Winner!

Build Orders:  

Get SALT Encoding   

  12  0:01  SCV  
  13  0:13  SCV  
  14  0:18  Supply Depot  
  14  0:25  SCV  
  15  0:39  SCV  
  15  0:42  Barracks  
  16  0:51  Refinery  
  16  0:52  SCV  
  17  1:04  SCV  
  18  1:17  SCV  
  19  1:29  Orbital Command  
  19  1:46  Command Center  
  19  1:54  Engineering Bay  
  19  2:04  Ghost Academy  
  19  2:08  SCV  
  20  2:16  Marine  
  20  2:21  SCV  
  20  2:22  Supply Depot  
  22  2:35  SCV  
  22  2:36  Barracks Tech Lab  
  23  2:42  Engineering Bay  
  23  2:48  SCV  
  23  2:52  Barracks  
  23  2:55  Ghost  
  25  3:12  SCV, Missile Turret  
  26  3:22  Orbital Command  
  26  3:27  SCV  
  26  3:33  Personal Cloaking, Bunker  
  27  3:36  Refinery  
  27  3:39  SCV  
  28  3:43  Marine  
  28  3:45  Marine  
  28  3:47  SCV  
  31  4:02  SCV  
  31  4:05  Missile Turret  
  31  4:06  Marine x2  
  33  4:10  Missile Turret  
  33  4:13  Missile Turret  
  33  4:14  SCV  
  34  4:19  Barracks  
  34  4:23  Ghost  
  36  4:24  SCV  
  37  4:33  SCV  
  37  4:37  SCV  
  35  4:46  Marine  
  35  4:47  SCV  
  35  4:52  Ghost  
  39  5:01  Supply Depot x2, Refinery  
  39  5:02  SCV x2  
  39  5:03  Refinery  
  39  5:04  Marine  
  39  5:05  Missile Turret  
  42  5:13  Marine  
  41  5:21  Marine  
  36  5:38  Ghost  
  38  5:48  Marine  
  38  5:49  SCV, Marine  
  30  6:04  SCV  
  30  6:05  SCV  
  30  6:07  Ghost  
  26  6:24  Marine  
  26  6:25  Marine  
  27  6:26  SCV  
  28  6:40  SCV x2  
  28  6:44  Ghost  
  29  7:02  SCV x2  
  29  7:04  Marine x2  
  33  7:12  Barracks  
  33  7:15  SCV x2  
  35  7:16  Barracks  
  35  7:17  Missile Turret  
  35  7:18  Marauder  
  37  7:24  Marine x2  
  37  7:29  SCV x2  
  41  7:32  Factory  
  37  7:40  Marine  
  37  7:41  SCV  
  37  7:42  Marine x2  
  40  7:50  SCV  
  39  7:56  Terran Infantry Weapons Level 1  
  39  7:58  Engineering Bay  
  39  7:59  Marine, Marauder  
  39  8:00  Barracks Reactor  
  39  8:03  Marine x2  
  39  8:05  SCV x2  
  46  8:09  Missile Turret  
  46  8:17  Supply Depot, Marine  
  46  8:18  SCV x2  
  49  8:20  Marauder  
  49  8:22  Armory  
  51  8:27  Barracks Tech Lab  
  51  8:30  SCV x2, Factory Reactor  
  53  8:38  Starport  
  53  8:42  SCV x2  
  53  8:44  Terran Infantry Armor Level 1  
  55  8:51  Stimpack  
  55  8:54  SCV x2  
  57  8:56  Refinery  
  57  9:05  Marine x4  
  61  9:12  SCV x2  
  61  9:16  Supply Depot  
  63  9:22  Medivac x2  
  63  9:24  Supply Depot x2, SCV  
  68  9:28  Widow Mine  
  70  9:37  SCV  
  71  9:39  Marine x2  
  71  9:40  Barracks Reactor, Marine  
  71  9:42  SCV  
  71  9:45  Supply Depot  
  75  9:49  SCV  
  76  9:54  Terran Infantry Weapons Level 2  
  76  10:01  Missile Turret, Marine x2  
  76  10:02  Marauder  
  80  10:07  Missile Turret  
  80  10:10  Supply Depot  
  80  10:11  SCV x2  
  82  10:29  SCV x2  
  82  10:31  Supply Depot  
  82  10:32  Supply Depot, Combat Shields  
  82  10:34  Factory Reactor  
  84  10:48  SCV x2  
  86  10:54  Command Center  
  86  11:01  Medivac x2  
  90  11:07  Starport  
  90  11:15  Marine  
  90  11:17  Liberator x2  
  91  11:29  Marine x3  
  91  11:30  Marauder x2, Marine  
  91  11:31  SCV x2  
  91  11:32  Widow Mine x2  
  105  11:54  Marine x3  
  105  11:58  Starport Tech Lab, Marauder x2  
  108  12:04  SCV x2  
  110  12:19  Marauder x2  
  110  12:21  SCV  
  110  12:22  SCV  
  116  12:24  Missile Turret  
  116  12:27  Missile Turret  
  116  12:28  Missile Turret  
  116  12:32  Widow Mine  
  116  12:33  Widow Mine  
  120  12:40  Marauder  
  120  12:41  Marauder  
  120  13:02  Marauder x2, Widow Mine  
  123  13:20  Marine x3  
  123  13:21  Widow Mine, Marine  
  123  13:23  Marauder x2  
  132  13:30  Widow Mine  
  134  13:37  Barracks Tech Lab  
  134  13:42  Terran Infantry Weapons Level 3  
  134  13:45  Marauder x2  
  138  13:51  Marine x3  
  141  14:02  SCV  
  141  14:04  SCV  
  141  14:05  Unknown  
  141  14:06  Marauder  
  135  14:52  Orbital Command  
  135  15:10  Supply Depot  
  135  15:11  Supply Depot  
  133  15:24  Marine  
  133  15:25  Marauder  
  133  15:27  Marine x2  
  133  15:28  Marine  
  125  15:31  Marauder x2  
  119  15:47  Marauder  
  121  15:53  Marauder x2  
  108  16:08  Marauder  
  100  16:11  Marine  
  100  16:14  Marauder x2  
  97  16:30  Marauder  
  97  16:36  Marauder x2  
  97  16:39  Widow Mine x2  
  105  16:50  Liberator x3  
  98  16:54  Marauder  
  98  16:57  Marauder  
  102  17:08  Widow Mine x2  
  112  17:24  Orbital Command  
  96  17:42  Command Center  
  96  17:43  Missile Turret  
  95  17:56  Refinery  
  95  17:57  Refinery  
  95  18:07  Liberator  
  95  18:20  Marine x4, Marauder x3  
  95  18:24  Medivac x2  
  102  18:41  Marauder x2  
  102  18:45  Refinery  
  102  18:46  Refinery, Marine x2  
  102  18:47  Marine  
  94  19:04  Marine x2  
  94  19:05  Marauder, Marine  
  98  19:11  Marauder x2  
  98  19:13  Marine  
  98  19:15  Orbital Command  
  102  19:22  Marine x2  
  102  19:28  Marine x2  
  102  19:31  Marine  
  102  19:32  Marauder  
  102  19:33  Marauder  
  105  19:40  Marine x2  
  105  19:41  Widow Mine x2  
  110  19:46  Marauder  
  111  19:54  Marine x2, Marauder x2  
  111  19:58  Marine  
  118  20:03  Medivac x2  
  118  20:04  Medivac  
  124  20:08  Marauder  
  126  20:15  Marauder x2  
  128  20:29  Marauder  
  128  20:30  Marine x2  
  132  20:37  Marauder x2  
  134  20:50  Marauder  
  134  20:53  Liberator  
  134  20:58  Marauder x2  
  133  21:07  Marine x4  
  133  21:08  Widow Mine x2  
  144  21:11  Ghost  
  146  21:19  Ghost  
  146  21:21  Missile Turret  
  146  21:22  Refinery  
  146  21:23  Refinery  
  142  21:56  Marine  
  142  21:57  Marine x3  
  142  21:58  Liberator, Widow Mine x2, Marauder x3  
  142  21:59  Medivac x2  
  142  22:12  Liberator  
  142  22:14  Marine x3  
  142  22:15  Marine  
  128  22:19  Marauder x2, Marine  
  131  22:26  Widow Mine  
  131  22:27  Widow Mine  
  138  22:32  Marine x2  
  138  22:34  Barracks  
  138  22:36  Barracks  
  142  22:37  Barracks, Marauder  
  142  22:40  Barracks  
  139  22:50  Marine x2  
  131  22:51  Marauder  
  131  22:55  Marine x3  
  131  22:58  Marine  
  113  22:59  Orbital Command  
  107  23:08  Marine x2  
  111  23:13  Marine x2, Marauder  
  111  23:14  Marauder  
  111  23:16  Marauder  
  115  23:20  Widow Mine x2  
  115  23:26  Marine x2  
  121  23:31  Marine  
  124  23:34  Marauder  
  124  23:41  Refinery  
  124  23:44  Barracks Reactor x2, Barracks Tech Lab  
  124  23:45  Barracks Tech Lab  
  124  23:46  Terran Infantry Armor Level 2  
  124  23:53  Marauder x2  
  130  23:55  Marauder  
  130  24:09  Marine x3  
  133  24:12  Marine  
  133  24:13  Marine x2  
  133  24:16  Marine x3  
  139  24:30  Widow Mine x2  
  147  24:31  Marauder x2  
  147  24:34  Ghost  
  147  24:35  Marauder x2  
  153  24:38  Marine x3  
  153  24:42  Marine x2  
  153  24:43  Marine  
  146  24:46  Liberator  
  146  24:47  Liberator  
  146  24:52  Marauder  
  145  24:53  Marauder  
  145  24:54  Liberator  
  145  24:56  Marauder x2  
  145  24:58  Widow Mine  
  145  24:59  Widow Mine  
  151  25:03  Marauder  
  156  25:08  Marine x2  
  157  25:23  Marine  
  157  25:24  Marine  
  157  25:26  Marauder  
  157  25:28  Ghost, Marauder  
  157  25:32  Marauder x2  
  156  25:41  Widow Mine  
  156  25:42  Widow Mine  
  154  25:47  Marine x2  
  154  25:48  Marauder  
  143  25:59  Marauder  
  143  26:01  Marine x2  
  126  26:11  Marauder  
  121  26:25  Marine x2  
  117  26:27  Marauder  
  121  26:35  Marine x2  
  119  26:40  Marauder  
  118  26:50  Widow Mine  
  118  26:53  Marine  
  113  27:08  Orbital Command  
  113  27:23  Marine x3  
  116  27:37  Marauder  
  116  27:38  Marauder x3  
  122  27:53  Marine x2  
  122  27:54  Orbital Command  
  123  27:59  Medivac x2, Marauder x4  
  123  28:00  Marine  
  134  28:07  Marine x3  
  123  28:37  Marine x3, Marauder x3  
  127  28:43  Medivac  
  127  29:30  Marauder x4  
  135  29:51  Marauder  
  129  30:12  Marauder  
  129  30:13  Marauder x2  
  135  30:14  Marine x3  
  135  30:15  Marauder  
  130  30:22  Marine x2  
  130  30:27  Marine x3  
  135  30:33  Ghost x2  
  135  30:34  Marauder  
  141  30:41  Marine  
  142  30:46  Marine x2  
  140  30:51  Marine x2  
  140  30:53  Marine  
  140  30:54  Marine  
  142  31:13  Supply Depot  
  142  31:35  SCV x2, Marauder  
  144  31:40  Marauder  
  143  32:05  Marauder  
  143  32:07  Marine x3  
  148  32:09  Medivac  
  150  32:21  Orbital Command  
  123  32:30  Marauder x2  
  126  32:38  Marine  
  127  32:51  SCV x2  
  129  32:58  Widow Mine  
  129  33:03  Marine  
  131  33:21  Marine x4, Liberator x2  
  138  34:02  Viking  
  138  34:18  SCV x2  
  111  34:33  Marauder  
  111  34:35  Marauder  
  73  34:48  Marine x2  
  67  35:04  Orbital Command  
  65  35:33  SCV  
  66  35:45  SCV  
  67  35:55  Marauder x2  
  69  35:57  SCV  
  62  36:30  SCV  
  62  36:31  Marine x2  
  61  36:43  SCV  
  61  36:46  Marine x4  
  61  36:47  Marauder  
  66  36:55  SCV  
  67  37:07  Marauder x2  
  66  37:08  Widow Mine  
  66  37:15  Marine x2  
  66  37:21  SCV  
  67  37:41  Marine x3  
  67  37:42  Widow Mine, Marauder x2  
  73  37:47  SCV  
  71  37:54  Marauder  
  71  37:55  Widow Mine  
  65  38:05  SCV  
  66  38:07  Marine  
  66  38:08  Marine  
  68  38:17  SCV  
  67  38:29  SCV  
  67  38:32  Marauder  
  67  38:33  Marauder  
  70  38:41  Marine x3  
  70  38:42  Marauder, Marine  
  70  38:45  Widow Mine  
  68  38:56  Marauder x2  
  68  38:58  Marine x2  
  71  39:04  SCV  
  72  39:16  SCV  
  73  39:20  Marine, Marauder x2  
  77  39:26  Marine x2  
  77  39:29  Missile Turret  
  71  39:42  Marine x3  
  71  39:43  Marauder x2  
  70  39:49  Marine x4  
  66  40:00  Marine x4  
  66  40:04  Medivac  
  70  40:12  Medivac  
  63  40:46  Marine, Marauder  
  63  40:47  Marauder, Marine x3  
  71  40:57  Marine x4  
  55  40:58  Marauder x2  
  55  40:59  SCV  
  62  41:10  Marauder x2  
  62  41:11  SCV  
  65  41:19  Marauder  
  65  41:23  SCV  
  64  41:27  Marine x3  
  64  41:31  Marauder x3  
  64  41:32  Widow Mine  
  67  41:40  Marauder  
  67  41:41  Marine x4  
  73  41:53  SCV  
Show
View Real Time Build Order
Export as new Build Order

sBfMarklar Protoss 

Build Orders: Oracle Opening 

Get SALT Encoding   

  12  0:00  Probe (Chrono Boost)  
  13  0:10  Probe (Chrono Boost)  
  14  0:18  Pylon  
  14  0:21  Probe (Chrono Boost)  
  15  0:36  Probe (Chrono Boost)  
  15  0:38  Gateway  
  16  0:46  Probe (Chrono Boost)  
  16  0:47  Assimilator  
  17  0:55  Probe (Chrono Boost)  
  18  0:57  Assimilator  
  18  1:05  Probe (Chrono Boost)  
  19  1:15  Probe (Chrono Boost)  
  20  1:20  Pylon  
  20  1:25  Probe (Chrono Boost)  
  20  1:28  Cybernetics Core  
  21  1:35  Probe (Chrono Boost)  
  22  1:45  Probe (Chrono Boost)  
  23  1:54  Pylon  
  23  1:55  Probe (Chrono Boost)  
  24  2:06  Mothership Core (Chrono Boost), Warp Gate  
  26  2:15  Stargate  
  26  2:23  Probe (Chrono Boost)  
  27  2:34  Twilight Council  
  27  2:42  Stalker  
  29  2:56  Pylon, Oracle (Chrono Boost)  
  29  2:59  Gateway  
  29  3:01  Gateway  
  31  3:08  Probe  
  32  3:18  Stalker  
  34  3:20  Probe  
  35  3:32  Probe  
  36  3:38  Oracle (Chrono Boost)  
  39  3:44  Probe  
  40  3:59  Probe  
  38  4:05  Pylon  
  38  4:11  Probe  
  39  4:17  Nexus  
  39  4:19  Oracle (Chrono Boost)  
  39  4:23  Probe, Adept x2  
  47  4:27  Zealot  
  49  4:48  Oracle (Chrono Boost)  
  49  4:51  Zealot  
  54  4:57  Pylon  
  54  4:58  Pylon  
  49  5:21  Zealot x3  
  49  5:26  Oracle (Chrono Boost)  
  56  5:29  Probe  
  55  5:42  Adept x3  
  54  6:13  Probe, Oracle (Chrono Boost)  
  54  6:15  Probe  
  59  6:20  Pylon  
  59  6:21  Pylon  
  59  6:23  Probe  
  53  6:27  Probe  
  55  6:33  Probe  
  55  6:36  Robotics Facility  
  55  6:37  Adept  
  55  6:38  Adept  
  61  6:40  Probe  
  61  6:43  Probe  
  62  6:52  Probe  
  60  7:00  Probe  
  58  7:04  Probe  
  60  7:10  Probe  
  60  7:11  Gateway, Assimilator  
  60  7:12  Gateway  
  60  7:13  Oracle (Chrono Boost), Assimilator  
  64  7:16  Forge  
  64  7:21  Adept x2  
  60  7:47  Probe  
  60  7:49  Probe  
  60  7:54  Robotics Bay  
  60  7:57  Probe  
  60  8:02  Probe, Protoss Ground Armor Level 1  
  62  8:07  Probe  
  62  8:11  Nexus, Pylon  
  62  8:12  Pylon x2  
  63  8:14  Probe, Observer (Chrono Boost)  
  63  8:15  Pylon  
  65  8:26  Probe  
  65  8:28  Probe, Robotics Facility  
  65  8:32  Observer (Chrono Boost)  
  68  8:36  Probe  
  68  8:41  Pylon  
  69  8:43  Probe  
  69  8:44  Photon Cannon  
  70  8:56  Probe  
  70  8:58  Probe  
  72  9:07  Colossus (Chrono Boost)  
  72  9:10  Gateway  
  72  9:11  Gateway  
  72  9:14  Disruptor (Chrono Boost)  
  81  9:23  Extended Thermal Lance  
  81  9:25  Probe  
  82  9:38  Probe  
  82  9:40  Probe x2  
  82  9:43  Adept x3  
  82  9:44  Disruptor (Chrono Boost)  
  91  9:51  Stalker x2  
  98  10:00  Colossus (Chrono Boost)  
  98  10:01  Probe  
  98  10:04  Probe  
  107  10:07  Probe  
  107  10:12  Protoss Ground Weapons Level 1  
  107  10:17  Assimilator  
  107  10:18  Assimilator  
  107  10:23  Probe  
  107  10:25  Probe  
  109  10:32  Probe  
  109  10:33  Probe  
  109  10:34  Pylon  
  111  10:35  Nexus  
  111  10:37  Adept x5  
  121  10:54  Stalker x2  
  125  10:59  Stalker x3  
  125  11:00  Stalker  
  132  11:31  Zealot x3  
  132  11:32  Stalker, Observer (Chrono Boost)  
  132  11:33  Observer (Chrono Boost)  
  132  11:34  Probe  
  132  11:36  Probe  
  132  11:37  Probe  
  129  11:44  Probe  
  128  11:48  Probe  
  128  11:49  Probe  
  127  11:59  Probe  
  127  12:01  Probe  
  127  12:02  Probe  
  127  12:07  Colossus (Chrono Boost)  
  127  12:08  Protoss Shields Level 1  
  130  12:09  Twilight Council, Colossus (Chrono Boost), Probe  
  143  12:20  Stalker x2  
  143  12:21  Stalker x4  
  155  12:23  Probe  
  155  12:25  Probe, Nexus  
  155  12:26  Pylon  
  155  12:27  Probe  
  155  12:29  Assimilator  
  157  12:30  Assimilator  
  157  12:34  Pylon  
  155  13:03  Pylon x2  
  152  13:19  Colossus x2 (Chrono Boost)  
  152  13:21  Pylon x2  
  152  13:22  Pylon  
  152  13:23  Charge (Chrono Boost)  
  164  13:27  Templar Archives  
  164  13:48  Pylon  
  164  13:49  Pylon  
  164  14:03  Nexus x2  
  161  14:30  Psionic Storm  
  161  14:33  Pylon  
  161  14:35  Pylon  
  161  14:39  Nexus  
  161  14:40  Pylon  
  161  14:42  Pylon  
  161  14:43  High Templar x2  
  161  14:44  High Templar x5  
  161  14:45  Pylon  
  175  14:46  Pylon  
  174  14:55  Pylon x2  
  174  15:13  Nexus  
  171  15:21  Zealot  
  171  15:22  Adept x2, Zealot  
  171  15:23  Adept x3  
  163  15:47  Blink (Chrono Boost)  
  163  15:57  Gateway  
  163  15:58  Gateway  
  163  16:00  Gateway  
  163  16:02  Gateway  
  153  16:07  Adept x4  
  153  16:08  Adept x2  
  155  16:13  Stalker  
  157  16:32  Stalker x6  
  167  16:33  Warp Prism x2  
  169  16:41  Gravitic Drive  
  173  16:53  Nexus  
  170  17:46  Mothership Core  
  170  17:49  Assimilator  
  170  17:50  Pylon  
  172  17:51  Pylon  
  172  17:53  Assimilator  
  172  17:56  Pylon  
  172  17:57  Pylon  
  171  17:58  Pylon  
  171  18:00  Pylon  
  171  18:16  Stalker x4  
  171  18:17  Nexus, Zealot x3  
  183  18:32  Nexus  
  181  18:37  Adept x4  
  181  18:38  Adept x3  
  195  18:54  Shield Upgrade (Chrono Boost)  
  181  19:25  Observer x2, Pylon  
  170  19:55  Probe x3, Photon Cannon x2  
  168  20:31  Observer x2  
  170  20:48  Observer  
  170  20:51  Adept  
  170  20:52  Adept x2, High Templar x2  
  170  20:53  High Templar x3  
  170  20:55  Zealot x3  
  193  21:11  Probe  
  193  21:13  Probe  
  193  21:15  Probe  
  196  21:19  Pylon x2  
  196  21:20  Probe  
  197  21:30  Probe, Forge  
  197  21:34  Forge  
  194  21:40  Probe  
  192  21:48  Zealot x3  
  192  21:49  Zealot x3  
  192  21:50  Probe  
  161  22:26  Nexus  
  161  22:30  Adept x2  
  161  22:31  Adept x2  
  125  23:05  Stalker x5  
  127  23:41  Protoss Ground Armor Level 2 (Chrono Boost), Protoss Ground Weapons Level 2 (Chrono Boost)  
  127  23:52  High Templar x2  
  127  23:53  High Templar x6  
  127  23:55  High Templar  
  145  23:56  Archon x4  
  145  23:57  High Templar  
  145  23:58  Nexus  
  145  23:59  Archon  
  147  24:05  Pylon  
  147  24:10  High Templar  
  147  24:31  High Templar  
  147  24:32  High Templar x2  
  147  24:34  Zealot x5  
  155  24:58  Zealot x6  
  166  25:05  Zealot  
  166  25:06  Zealot x2  
  172  25:12  Probe  
  167  25:17  Pylon  
  167  25:18  Probe  
  167  25:19  Pylon  
  168  25:22  Probe x3  
  168  25:26  Zealot x3  
  168  25:27  Zealot x2  
  177  25:28  Probe  
  177  25:31  Probe  
  177  25:34  Probe  
  176  25:38  Probe  
  177  25:43  Gateway  
  177  25:45  Gateway  
  177  25:48  Probe  
  162  25:58  Probe  
  162  26:00  High Templar x2  
  162  26:01  Zealot x2  
  162  26:02  Zealot x2  
  155  26:30  Probe  
  156  26:33  Probe x2  
  156  26:34  Cybernetics Core  
  156  26:35  Probe, Assimilator  
  156  26:36  Assimilator  
  156  26:38  Assimilator  
  156  26:39  Assimilator  
  159  26:42  Probe  
  159  26:43  Probe x2  
  146  27:27  Protoss Ground Armor Level 3 (Chrono Boost)  
  146  27:33  Nexus  
  146  27:42  Stalker x4  
  146  27:44  Zealot x2  
  132  28:26  Pylon  
  126  29:05  Nexus  
  126  29:13  Nexus  
  126  29:16  Photon Cannon  
  126  29:28  Zealot x3  
  126  29:29  Cybernetics Core, Zealot x3  
  138  29:57  Assimilator  
  138  29:58  Assimilator  
  138  29:59  Pylon  
  130  30:09  Zealot  
  130  30:10  Zealot x5  
  130  30:29  Probe  
  131  30:35  Zealot  
  131  30:36  Zealot x4  
  131  30:37  Zealot  
  141  30:53  Probe  
  139  31:02  Probe  
  137  31:05  Warp Prism  
  138  31:12  Probe  
  141  31:22  Probe  
  141  31:33  Zealot x5  
  115  32:39  Zealot x3  
  115  32:40  Zealot x3  
  127  32:52  Assimilator x2  
  127  33:07  Cybernetics Core  
  127  33:12  High Templar  
  127  33:17  Zealot  
  127  33:18  Zealot x4  
  136  33:48  Pylon  
  134  33:54  Zealot x2  
  134  33:55  Zealot x4  
  142  34:17  Nexus  
  128  34:37  Zealot x6  
  128  34:38  Zealot  
  116  34:50  High Templar x2  
  118  34:57  Pylon  
  118  35:03  Stalker x2  
  122  35:34  Probe  
  122  35:39  Assimilator  
  123  35:44  Probe, Zealot x2  
  123  35:49  Zealot  
  130  35:54  Probe  
  130  35:55  Photon Cannon  
  130  36:04  Probe x2  
  115  36:14  Probe x2  
  115  36:24  Probe  
  111  36:26  Stalker  
  112  36:33  Probe  
  111  36:51  Probe  
  112  36:54  Probe  
  112  37:01  Probe  
  106  37:17  Probe x2  
  108  37:29  Probe x2  
  106  37:50  Zealot x3  
  106  37:51  Zealot  
  108  37:56  Probe x2  
  99  38:17  Probe x2  
  91  39:00  Probe  
  92  39:12  Nexus  
  92  39:13  Probe x2  
  94  39:27  Probe  
  94  39:28  Probe  
  94  39:37  Probe  
  76  40:04  Stalker x3  
  81  40:07  Stalker  
  83  40:16  Probe  
  84  40:26  Probe  
  79  40:30  Sentry x3  
  79  40:38  Zealot  
  75  40:45  Zealot  
  70  41:01  Probe  
  70  41:03  Probe x2  
  73  41:11  Probe  
  73  41:13  Probe  
  68  41:19  Zealot x2  
  68  41:21  Probe  
  69  41:50  Probe  
  69  41:51  Probe  
  69  41:53  Assimilator  
  71  41:54  Probe  
  71  42:00  Probe  
  72  42:01  Probe  
  74  42:10  Zealot x2  
  74  42:11  Probe  
  74  42:14  Probe x2  
Tags
 
Add a new tag
Caveats
  • Supply blocks, unpowered buildings, or Contaminate may cause inaccurate times.
  • Supply counts are checked every 10 seconds.